 Dungeon Crawl Stone Soup version 0.27-a0-797-g27d10ad80f (webtiles) character file.

Game seed: 11167464083832351435

226 polve the Slasher (level 5, 0/41 HPs)
             Began as a Demonspawn Abyssal Knight on Mar 27, 2021.
             Was a Believer of Lugonu.
             Slain by an orc
             ... wielding a +0 morningstar
              (9 damage)
             ... on level 3 of the Dungeon.
             The game lasted 00:04:26 (2925 turns).

polve the Slasher (Demonspawn Abyssal Knight)       Turns: 2925, Time: 00:04:26

Health: 0/41       AC:  8    Str: 14    XL:     5   Next: 69%
Magic:  6/6        EV:  6    Int: 13    God:    Lugonu [**....]
Gold:   73         SH:  0    Dex: 12    Spells: 4/4 levels left

rFire    . . .     SeeInvis +   a - +1 falchion
rCold    . . .     Faith    .   (no shield)
rNeg     . . .     Spirit   .   j - +0 chain mail
rPois    .         Reflect  .   (helmet restricted)
rElec    .         Harm     .   (no cloak)
rCorr    .         Rampage  .   (no gloves)
Will     .....                  (no boots)
Stlth    ..........             (no amulet)
HPRegen  0.13/turn              d - ring of see invisible
MPRegen  0.10/turn              (no ring)

@: no status effects
A: antennae 1, demonic guardian 1, spiny 2
a: Renounce Religion, Depart the Abyss, Bend Space


You were on level 3 of the Dungeon.
You worshipped Lugonu.
Lugonu was pleased with you.
You visited 1 branch of the dungeon, and saw 3 of its levels.
You visited the Abyss 1 time.

You collected 103 gold pieces.
You spent 30 gold pieces at shops.

Inventory:

Hand Weapons
 a - a +1 falchion (weapon)
Armour
 j - a +0 chain mail (worn)
Jewellery
 d - a ring of see invisible (left hand)
Wands
 m - a wand of paralysis (11)
 n - a wand of polymorph (11)
Scrolls
 c - 3 scrolls of fear {unknown}
 e - a scroll of teleportation {unknown}
 f - 2 scrolls of silence {unknown}
 g - 3 scrolls of identify {unknown}
 i - a scroll of amnesia {unknown}
 k - a scroll of summoning {unknown}
Potions
 b - a potion of brilliance {unknown}
 h - 4 potions of curing
 l - a potion of heal wounds {unknown}


   Skills:
 - Level 3.0 Fighting
 + Level 5.5 Long Blades
 - Level 1.7 Armour
 - Level 0.8 Dodging
 - Level 2.4 Invocations


You had 4 spell levels left.
You didn't know any spells.
Your spell library was empty.

Dungeon Overview and Level Annotations

Branches:
Dungeon (3/15)

Altars:
Elyvilon
Vehumet
Yredelemnul

Shops:
D:2 !

Annotations:
D:3 Ijyb


Innate Abilities, Weirdness & Mutations

You have a pair of small antennae on your head.
A weak demonic guardian rushes to your aid.
You are mostly covered in sharp spines.


Message History

You barely miss the orc priest.
The orc priest is moderately wounded.
Ijyb zaps a wand.
You hear a grinding noise.
The orc priest is struck by your spines.
The orc priest hits you with a +0 whip.
A demonic guardian appears!
You hit the orc priest.
The orc priest is severely wounded.
The orc closely misses you.
The orc priest invokes the aid of Beogh against you.
Beogh smites you!
You closely miss the orc priest.
The orc priest is severely wounded.
The orc hits you but does no damage.
Ijyb zaps a wand.
Some rock shatters into small pieces.
The orc priest hits you but does no damage.
An orc comes into view. It is wielding a +0 dagger.
You closely miss the orc priest.
The orc priest is severely wounded.
The orc shouts!
You hear a shout!
Your ufetubus hits the orc priest. x2
The orc priest dies!
Lugonu accepts your kill. The orc is struck by your spines.
The orc hits you but does no damage.
You closely miss the orc.
The orc is heavily wounded.
Your ufetubus hits the orc but does no damage. x2
The orc hits you with a +0 flail.
* * * LOW HITPOINT WARNING * * *
Your ufetubus barely misses the orc. x2
Your ufetubus hits the orc. x2
The orc hits your ufetubus with a +0 flail.
You hear a zap.
You hear a grinding noise.
The orc hits you with a +0 morningstar.
* * * LOW HITPOINT WARNING * * *
Your ufetubus barely misses the orc. x2; Your ufetubus hits the orc.
The orc dies!
Lugonu accepts your kill. The orc hits you with a +0 morningstar!
You die...

#####..........# ..
#..........# ... #..........#
.... #..........# #.... .
##########.####..... #.
#..)...##..5..o.# #.
##.>........)o.g## #. #
##.........#.S#.# #.
####........####@o# ###.
.#†..#..)...# #..# ######...
.†.###[.....## .#.##
####...).... .###
#.......#.##..###....##..##.
.#
##...........#..#._#####.####
.####...########..#...## #..#
# ..........###
##..#.######.## #
##..........#####.........).#
#
#........##..#....##.#.)....#
#


You could see Ijyb, 2 orcs, a ball python and a friendly ufetubus (summoned).

Vanquished Creatures
  A hound (D:2)
  An orc wizard (D:3)
  4 gnolls
  4 adders
  4 dart slugs
  2 orcs (D:3)
  8 bats
  3 endoplasms
  3 giant cockroaches
  4 hobgoblins
  3 jackals (D:1)
  3 quokkas
  4 ball pythons
  3 frilled lizards
  4 goblins
  9 kobolds
  6 rats
66 creatures vanquished.

Vanquished Creatures (collateral kills)
  An orc priest (D:3)
  An orc (D:3)
2 creatures vanquished.

Grand Total: 68 creatures vanquished

Notes
Turn   | Place    | Note
-------+----------+-------------------------------------------
     0 | Abyss:1  | polve the Demonspawn Abyssal Knight began the quest for the
                  | Orb.
     0 | Abyss:1  | Reached XP level 1. HP: 18/18 MP: 2/2
   127 | Abyss:1  | Noticed an ancient zyme
   139 | Abyss:1  | Noticed a chaos spawn
   143 | D:1      | Escaped the Abyss
   259 | D:1      | Reached skill level 2 in Long Blades
   610 | D:1      | Gained mutation: You are partially covered in sharp spines.
                  | [demonic ancestry]
   610 | D:1      | Reached XP level 2. HP: 24/24 MP: 3/3
   732 | D:1      | Reached * piety under Lugonu
   955 | D:1      | Reached skill level 3 in Long Blades
  1357 | D:2      | Gained mutation: You are mostly covered in sharp spines.
                  | [demonic ancestry]
  1357 | D:2      | Reached XP level 3. HP: 29/29 MP: 4/4
  1369 | D:2      | Found Tovoaxoch's Distillery.
  1397 | D:2      | Bought a potion of curing for 30 gold pieces
  1536 | D:2      | Reached skill level 4 in Long Blades
  1536 | D:2      | Gained mutation: A weak demonic guardian rushes to your
                  | aid. [demonic ancestry]
  1536 | D:2      | Reached XP level 4. HP: 35/35 MP: 5/5
  2060 | D:2      | Found a basalt altar of Yredelemnul.
  2188 | D:2      | Gained mutation: You have a pair of small antennae on your
                  | head. [demonic ancestry]
  2188 | D:2      | Reached XP level 5. HP: 41/41 MP: 6/6
  2324 | D:3      | Reached ** piety under Lugonu
  2454 | D:3      | Reached skill level 5 in Long Blades
  2462 | D:3      | Found a radiant altar of Vehumet.
  2916 | D:3      | Noticed Ijyb
  2925 | D:3      | Slain by an orc

Illustrated notes

Levels and vault maps discovered:
D:1:      erik_arrival_triangle_large, layout_basic
D:2:      layout_basic, serial_shops, nicolae_shop_waterfront,
          yredelemnul_altar_generic
D:3:      layout_rooms, lemuel_coloured_pillars_altar, lemuel_doored_altar,
          overflow_temple_1_default, marbit_many_paths, uniq_ijyb

Skill      XL: |  1  2  3  4  5 |
---------------+----------------+-----
Long Blades    | 2 3 4 5 |  5.5
Fighting       | |  3.0
Armour         | |  1.7
Dodging        | |  0.8
Invocations    | |  2.4

Action                   |  1- 3 |  4- 6 || total
-------------------------+-------+-------++-------
Melee: Falchion          |    58 |    75 ||   133
Invok: Depart the Abyss  |     1 |       ||     1
 Stab: Sleeping          |     1 |       ||     1
Armor: Leather armour    |    16 |       ||    16
       Chain mail        |     6 |    34 ||    40
Dodge: Dodged            |    40 |    19 ||    59
       Rpst.: Falchion   |     8 |     6 ||    14

Table legend: (Time is in decaauts)
 A = Elapsed time spent in this place.
 B = Non-inter-level travel time spent in this place.
 C = Inter-level travel time spent in this place.
 D = Time resting spent in this place.
 E = Time spent auto-exploring this place.
 F = Levels seen in this place.
 G = Mean time per level.
                   A        B        C        D        E       F      G
               +--------+--------+--------+--------+--------+-----+--------+
         Total |   2939 |   2912 |     27 |      0 |   2485 |   4 |  734.8 |
       Dungeon |   2796 |   2769 |     27 |      0 |   2359 |   3 |  932.0 |
         Abyss |    143 |    143 |      0 |      0 |    126 |   1 |  143.0 |
               +--------+--------+--------+--------+--------+-----+--------+

Top non-repeatable levels by time:
     D:1: 1440 daAuts
     D:2: 704 daAuts
     D:3: 651 daAuts
 Abyss:1: 143 daAuts
